 Dungeon Crawl Stone Soup version 0.17-a0-701-gb6462b4 (webtiles) character file.

198 FedoraBrony69 the Magician (level 5, 0/28 HPs)
             Began as a Deep Elf Conjurer on Apr 19, 2015.
             Was a Follower of Kikubaaqudgha.
             Slain by FedoraBrony69's ghost (4 damage)
             ... on level 3 of the Dungeon.
             The game lasted 00:06:00 (1740 turns).

FedoraBrony69 the Magician (Deep Elf Conjurer)      Turns: 1740, Time: 00:06:01

Health: 0/28       AC:  3    Str:  5    XL:     5   Next: 47%
Magic:  0/15       EV: 13    Int: 21    God:    Kikubaaqudgha [*.....]
Gold:   91         SH:  0    Dex: 15    Spells: 4 memorised, 4 levels left

rFire  . . .     SeeInvis .     k - +0 trident
rCold  . . .     Clarity  .     a - +1 robe
rNeg   . . .     SustAb   .     (no shield)
rPois  .         Gourm    .     (no helmet)
rElec  .         Spirit   .     (no cloak)
rCorr  .         Warding  .     (no gloves)
rMut   .         Stasis   .     (no boots)
MR     .....                    (no amulet)
Stlth  ++........               (no ring)
                                (no ring)

@: very slightly contaminated, not resistant to hostile enchantments, unstealthy
A: no striking features
a: Receive Corpses, Renounce Religion


You were on level 3 of the Dungeon.
You worshipped Kikubaaqudgha.
Kikubaaqudgha was aware of your devotion.
You were hungry.

You visited 1 branch of the dungeon, and saw 4 of its levels.

You collected 91 gold pieces.

Inventory:

Hand weapons
 g - a +0 dagger
 k - a +0 trident (weapon)
Armour
 a - a +1 robe (worn)
Scrolls
 d - 2 scrolls of enchant armour
 e - 3 scrolls of identify {unknown}
 h - a scroll of recharging {unknown}
 l - a scroll of teleportation {unknown}
 m - a scroll of enchant weapon {unknown}
 o - 2 scrolls of remove curse {unknown}
Potions
 i - a potion of cancellation {unknown}
 j - a potion of brilliance {unknown}
Books
 c - a book of Conjurations

   Spells                             Type                      Level
   a - Magic Dart                     Conjuration                  1
   b - Searing Ray                    Conjuration                  2
   c - Dazzling Spray                 Conjuration/Hexes            3
   d - Fulminant Prism                Conjuration/Hexes            4
   e - Iskenderun's Mystic Blast      Conjuration                  4
   f - Iskenderun's Battlesphere      Conjuration/Charms           5
 p - Kikubaaqudgha's Handbook of Darkness
   (Kikubaaqudgha gifted it to you on level 3 of the Dungeon)

   Spells                             Type                      Level
   a - Pain                           Necromancy                   1
   b - Corpse Rot                     Necromancy                   2
   c - Sublimation of Blood           Necromancy                   2
   d - Vampiric Draining              Necromancy                   3
   e - Control Undead                 Necromancy                   4
Comestibles
 b - 3 bread rations
 n - a chunk of flesh
 q - a royal jelly


   Skills:
 - Level 2.4 Dodging
 - Level 2.4 Stealth
 + Level 6.1 Spellcasting
 + Level 5.9 Conjurations
 * Level 0.0 Charms


You had 4 spell levels left.
You knew the following spells:

 Your Spells              Type           Power        Failure   Level  Hunger
a - Magic Dart            Conj           ####         1%          1    None
b - Iskenderun's Battles  Conj/Chrm      ###.....     78%         5    #####..
c - Iskenderun's Mystic   Conj           ####....     10%         4    ####...
d - Sublimation of Blood  Necr           #.........   14%         2    None


Dungeon Overview and Level Annotations

Branches:
Dungeon (4/15)
 Temple: D:4-7

Altars:
Kikubaaqudgha

Annotations:
D:3 FedoraBrony69's ghost, weakling DECj


Message History

The magic dart hits you!
* * * LOW HITPOINT WARNING * * *
Drink which item? (? for menu, Esc to quit)
Okay, then.
Read which item? (? for menu, Esc to quit)
As you read the scroll labeled WOAPEONOGO, it crumbles to dust.
It is a scroll of enchant armour.
Enchant which item? (? for menu, Esc to quit)
Your +0 robe glows green for a moment.
Casting: Iskenderun's Mystic Blast
Confirm with . or Enter, or press ? or * to list all spells.
Aiming: Iskenderun's Mystic Blast
Press: ? - help, Shift-Dir - straight line, f/p - FedoraBrony69's ghost
Aim: FedoraBrony69's ghost (moderately damaged)
The orb of energy misses FedoraBrony69's ghost.
You completely miss FedoraBrony69's ghost.
FedoraBrony69's ghost is moderately damaged.
FedoraBrony69's ghost hits you.
You die...
Kikubaaqudgha rasps: "You have failed me!
Welcome... death!"

#.# #.... #.#
#####.... #.#
#........ ####.###
#.###.... #......#
#.# #....
#.##W#.######.#.#
#.... #.#.....!W.#.#
##### #.##########.#
#.W@........>#
############)#
#.####### #.#......
#.#...... #.....)..
##.......
#############.......
.........)...........


You could see FedoraBrony69's ghost.

Vanquished Creatures
  2 vampire bats (D:2)
  8 adders
  A worm (D:1)
  A giant gecko (D:2)
  7 bats
  2 bat skeletons (D:2)
  2 bat zombies (D:2)
  7 goblins
  9 hobgoblins
  A ball python (D:2)
  A ball python zombie (D:3)
  A giant cockroach (D:1)
  6 kobolds
  A quokka (D:2)
  7 rats
56 creatures vanquished.

Notes
Turn   | Place    | Note
--------------------------------------------------------------
     0 | D:1      | FedoraBrony69, the Deep Elf Conjurer, began the quest for the Orb.
     0 | D:1      | Reached XP level 1. HP: 10/10 MP: 6/6
   202 | D:1      | Reached XP level 2. HP: 15/15 MP: 1/8
   630 | D:2      | Reached XP level 3. HP: 16/19 MP: 1/10
   913 | D:2      | Reached skill level 5 in Conjurations
  1054 | D:2      | Found an ancient bone altar of Kikubaaqudgha.
  1054 | D:2      | Noticed a vampire bat
  1058 | D:2      | Killed a vampire bat
  1058 | D:2      | Reached XP level 4. HP: 20/24 MP: 6/12
  1059 | D:2      | Noticed a vampire bat
  1064 | D:2      | Killed a vampire bat
  1064 | D:2      | Reached skill level 5 in Spellcasting
  1134 | D:2      | Became a worshipper of Kikubaaqudgha
  1183 | D:2      | Reached XP level 5. HP: 28/28 MP: 5/15
  1533 | D:3      | Reached skill level 6 in Spellcasting
  1628 | D:3      | Acquired Kikubaaqudgha's first power
  1628 | D:3      | Received a gift from Kikubaaqudgha
  1629 | D:3      | Identified Kikubaaqudgha's Handbook of Darkness (Kikubaaqudgha gifted it to you on level 3 of the Dungeon)
  1680 | D:3      | Noticed FedoraBrony69's ghost (weakling DECj)
  1705 | D:4      | Learned a level 5 spell: Iskenderun's Battlesphere
  1710 | D:4      | Learned a level 4 spell: Iskenderun's Mystic Blast
  1713 | D:4      | Learned a level 2 spell: Sublimation of Blood
  1740 | D:3      | Slain by FedoraBrony69's ghost

Action                   |  1- 3 |  4- 6 || total
-------------------------+-------+-------++-------
Melee: Dagger            |     1 |       ||     1
       Trident           |       |     1 ||     1
 Cast: Magic Dart        |    57 |    54 ||   111
       Iskenderun's Myst |       |     2 ||     2
  Use: Scroll            |       |     1 ||     1
       Potion            |       |     1 ||     1
  Eat: Chunk             |       |     2 ||     2
